 Dungeon Crawl Stone Soup version 0.27-a0-1139-g28e009f8a6 (webtiles) character file.

Game seed: 17678994263613626937

858 Froggeryz the Zephyrmancer (level 7, -6/36 HPs)
             Began as a Deep Elf Air Elementalist on May 7, 2021.
             Was an Initiate of Vehumet.
             Mangled by a killer bee (7 damage)
             ... on level 7 of the Dungeon.
             The game lasted 00:11:40 (5217 turns).

Froggeryz the Zephyrmancer (DEAE)                   Turns: 5217, Time: 00:11:40

Health: -6/36      AC:  4    Str:  3 (5)  XL:     7   Next: 71%
Magic:  12/13      EV: 12    Int: 24 (25) God:    Vehumet [......]
Gold:   220        SH:  0    Dex: 13 (15) Spells: 4/12 levels left

rFire    . . .     SeeInvis .   b - +0 short sword
rCold    . . .     Faith    .   (no shield)
rNeg     . . .     Spirit   .   a - +0 robe
rPois    .         Reflect  .   c - +1 helmet {Int+3}
rElec    .         Harm     .   (no cloak)
rCorr    .         Rampage  .   (no gloves)
Will     .....                  (no boots)
Stlth    ++........             (no amulet)
HPRegen  0.12/turn              (no ring)
MPRegen  0.13/turn              (no ring)

@: mighty, lethally poisoned (-6 -> -14)
A: no striking features
a: Renounce Religion


You were on level 7 of the Dungeon.
You worshipped Vehumet.
Vehumet was noncommittal.
You visited 2 branches of the dungeon, and saw 8 of its levels.

You collected 220 gold pieces.

Inventory:

Hand Weapons
 b - a +0 short sword (weapon)
Missiles
 m - 5 silver javelins
Armour
 a - a +0 robe (worn)
 c - a +1 helmet of intelligence (worn)
Jewellery
 o - a ring of willpower
Wands
 k - a wand of polymorph (10)
 n - a wand of flame (21)
Scrolls
 d - 2 scrolls of immolation
 h - a scroll of brand weapon {unknown}
 j - a scroll of teleportation
 p - 2 scrolls of identify {unknown}
 q - a scroll of amnesia
 s - a scroll of blinking {unknown}
Potions
 e - a potion of might
 g - a potion of degeneration
 i - a potion of mutation {unknown}
 l - a potion of magic {unknown}
 r - a potion of haste {unknown}


   Skills:
 - Level 2.4 Dodging
 - Level 2.4 Stealth
 - Level 3.0 Spellcasting
 - Level 1.1 Conjurations
 * Level 9.3 Air Magic


You had 4 spell levels left.
You knew the following spells:

 Your Spells              Type           Power      Damage    Failure   Level
a - Shock                 Conj/Air       100%       1d9       1%          1
b - Swiftness             Air            48%        N/A       1%          3
c - Airstrike             Air            24%        N/A       2%          4

Your spell library contained the following spells:

 Spells                   Type           Power      Damage    Failure   Level
 Static Discharge         Conj/Air       28%        N/A       1%          2
 Lightning Bolt           Conj/Air       14%        1d27      34%         5


Dungeon Overview and Level Annotations

Branches:
Dungeon (8/15)             Temple (1/1) D:5            Lair (0/6) D:8

Altars:
Cheibriados
Dithmenos
Elyvilon
Fedhas
Hepliaklqana
Kikubaaqudgha
Makhleb
Nemelex Xobeh
Okawaru
Qazlal
Ru
Sif Muna
Trog
Uskayaw
Vehumet
Wu Jian
Xom
Zin
The Shining One

Shops:
D:4 :

Portals:
Bailey: D:8


Message History

The killer bee barely misses you.
There is a stone staircase leading up here.
The killer bee stings you! The orc closely misses you.
The killer bee stings you.
You are poisoned.
The killer bee poisons you!
The orc hits you with a +1 short sword of venom.
* * * LOW HITPOINT WARNING * * *
You are lethally poisoned!
The killer bee misses you.
You climb upwards.
* * * LOW HITPOINT WARNING * * *
You feel very sick.
The bullfrog gives a loud, deep croak!
You hear a shout! x2
Found 14 stones.
There is a stone staircase leading down here.
Okay, then.
It was a potion of might.
You feel very mighty all of a sudden.
* * * LOW HITPOINT WARNING * * *
You feel very sick.
The killer bee barely misses you. x3; The orc hits you but does no damage. x2
The killer bee barely misses you.
Unknown command.
It was a potion of degeneration.
There was something very wrong with that liquid.
You feel weakened.
You feel dopey.
You feel clumsy.
* * * LOW HITPOINT WARNING * * *
You feel very sick.
The killer bee barely misses you. x3; The orc barely misses you.
The killer bee barely misses you. The orc completely misses you.
It was a potion of curing.
You feel better. The killer bee misses you. The killer bee stings you!
* * * LOW HITPOINT WARNING * * *
The orc misses you. The killer bee stings you.
* * * LOW HITPOINT WARNING * * *
You are lethally poisoned!
The killer bee poisons you! The orc barely misses you.
The killer bee stings you!
You die...

# #.. #
#...#####..###
#....y@y.....#
#..©.oo.......
#.#####......##
. #. F##...(.#
#. ##. #.##..#
#≈ .... #. .. 8
.. .. ##. .
#.###. #.


You could see a bullfrog, 2 killer bees and 2 orcs.

Vanquished Creatures
  A black bear (D:4)
  A necrophage (D:5)
  An ogre (D:4)
  3 scorpions
  A howler monkey (D:5)
  A gnoll shaman (D:5)
  A bullfrog skeleton (D:5)
  A centaur skeleton (D:3)
  Ijyb (D:2)
  3 iguanas
  An orc wizard (D:5)
  4 gnolls (D:5)
  2 adders
  A howler monkey skeleton (D:3)
  3 adder skeletons
  2 adder zombies (D:3)
  4 dart slugs
  6 orcs (D:5)
  6 bats
  3 endoplasms
  2 giant cockroaches (D:2)
  16 goblins
  4 hobgoblins
  6 quokkas
  7 ball pythons
  A frilled lizard (D:1)
  A jackal skeleton (D:3)
  11 kobolds
  A quokka skeleton (D:4)
  A quokka zombie (D:3)
  4 rats
100 creatures vanquished.

Vanquished Creatures (others)
  4 plants (D:5)
4 creatures vanquished.

Grand Total: 104 creatures vanquished

Notes
Turn   | Place    | Note
-------+----------+-------------------------------------------
     0 | D:1      | Froggeryz the Deep Elf Air Elementalist began the quest for
                  | the Orb.
     0 | D:1      | Reached XP level 1. HP: 10/10 MP: 6/6
   238 | D:1      | Reached XP level 2. HP: 10/15 MP: 2/8
   605 | D:1      | Reached skill level 4 in Air Magic
   696 | D:1      | Found a faded altar of an unknown god.
   953 | D:1      | Reached XP level 3. HP: 19/19 MP: 9/9
  1531 | D:2      | Found a shimmering altar of Xom.
  1752 | D:2      | Noticed Ijyb
  1797 | D:2      | Killed Ijyb
  1798 | D:2      | Reached skill level 5 in Air Magic
  1798 | D:2      | Reached XP level 4. HP: 4/24 MP: 3/10
  2758 | D:3      | Reached XP level 5. HP: 19/28 MP: 4/11
  2916 | D:3      | Reached skill level 6 in Air Magic
  3629 | D:4      | Noticed an ogre
  3678 | D:4      | Killed an ogre
  3679 | D:4      | Reached skill level 7 in Air Magic
  3679 | D:4      | Reached XP level 6. HP: 32/32 MP: 8/12
  3765 | D:4      | Found Plog's Book Shop.
  3866 | D:4      | Found a glowing silver altar of Zin.
  4229 | D:5      | Entered Level 5 of the Dungeon
  4278 | D:5      | Reached skill level 8 in Air Magic
  4334 | D:5      | Learned a level 3 spell: Swiftness
  4339 | D:5      | Learned a level 4 spell: Airstrike
  4372 | D:5      | Reached XP level 7. HP: 36/36 MP: 8/13
  4797 | D:5      | Found a staircase to the Ecumenical Temple.
  4801 | D:5      | Found a burning altar of Makhleb.
  4814 | Temple   | Entered the Ecumenical Temple
  4913 | Temple   | Became a worshipper of Vehumet
  5017 | D:5      | Reached skill level 9 in Air Magic
  5201 | D:5      | You fall into a shaft and drop 3 floors!
  5201 | D:8      | Found a staircase to the Lair.
  5201 | D:8      | Found a flagged portal.
  5202 | D:8      | Noticed a wyvern
  5202 | D:8      | Noticed a yak
  5216 | D:7      | HP: 1/36 [poisoned by an orc]
  5217 | D:7      | Mangled by a killer bee

Illustrated notes

Levels and vault maps discovered:
D:1:      scummos_arrival_simple_fountains, layout_loops_ring,
          hellmonk_ecumenical_altar_blasted
D:2:      kennysheep_the_goblin_king, layout_loops_ring, basic_altar,
          minmay_misc_feat_five, minmay_tiny_reverse_x
D:3:      layout_loops_ring, serial_undead, serial_undead_c, serial_undead_a,
          serial_undead_e, serial_undead_d, serial_undead_a, serial_undead_a
D:4:      layout_basic, lemuel_coloured_pillars_altar, serial_shops, shop
D:5:      layout_cave_pools, nicolae_overflow_hidden_temple,
          kennysheep_mini_moat, minmay_temple_entry_gardened_gates
D:7:      layout_layer_cave, overflow_temple_1_default, nzn_ghost_randoct,
          serial_shops, shop, chequers_serial_rivers_small_3, bh_walls_and_bars
D:8:      layout_basic, david_lair_generic, gammafunk_ghost_smash,
          enter_bailey_5
Temple:   minmay_temple_bridge_d

Skill      XL: |  1  2  3  4  5  6  7 |
---------------+----------------------+-----
Air Magic      | 4 5 7 8 9 |  9.3
Dodging        | |  2.4
Stealth        | |  2.4
Spellcasting   | |  3.0
Conjurations   | |  1.1

Action                   |  1- 3 |  4- 6 |  7- 9 || total
-------------------------+-------+-------+-------++-------
Melee: Unarmed           |     1 |       |       ||     1
       Short sword       |    64 |    28 |       ||    92
 Cast: Shock             |    58 |    90 |    29 ||   177
       Airstrike         |       |     1 |     8 ||     9
  Use: Scroll            |     2 |     1 |     2 ||     5
       Potion            |       |       |     3 ||     3
 Stab: Sleeping          |     2 |       |       ||     2
Armor: Robe              |    23 |     9 |     5 ||    37
       Skin              |     9 |       |       ||     9
Dodge: Dodged            |    79 |    30 |    23 ||   132

Table legend: (Time is in decaauts)
 A = Elapsed time spent in this place.
 B = Non-inter-level travel time spent in this place.
 C = Inter-level travel time spent in this place.
 D = Time resting spent in this place.
 E = Time spent auto-exploring this place.
 F = Levels seen in this place.
 G = Mean time per level.
                   A        B        C        D        E       F      G
               +--------+--------+--------+--------+--------+-----+--------+
         Total |   5224 |   5047 |    177 |    752 |   3470 |   8 |  653.0 |
       Dungeon |   5052 |   4946 |    106 |    752 |   3398 |   7 |  721.7 |
        Temple |    171 |    100 |     71 |      0 |     72 |   1 |  171.0 |
               +--------+--------+--------+--------+--------+-----+--------+

Top non-repeatable levels by time:
     D:2: 1203 daAuts
     D:1: 1150 daAuts
     D:3: 1091 daAuts
     D:5: 800 daAuts
     D:4: 791 daAuts
  Temple: 171 daAuts
     D:8: 12 daAuts
     D:7: 2 daAuts
